 Dungeon Crawl Stone Soup version 0.17-a0-1442-g10bb59b (webtiles) character file.

1994 mrath the Ducker (level 9, -1/85 HPs)
             Began as a Troll Fighter on June 27, 2015.
             Was a Believer of Nemelex Xobeh.
             Slain by a killer bee (5 damage)
             ... summoned by the player character
             ... on level 7 of the Dungeon.
             The game lasted 02:23:25 (7539 turns).

mrath the Ducker (Troll Fighter)                    Turns: 7539, Time: 02:23:29

Health: -1/85      AC: -5    Str: 26    XL:     9   Next: 1%
Magic:  8/8        EV: 11    Int:  4    God:    Nemelex Xobeh [**....]
Gold:   492        SH: 10    Dex: 12    Spells: 0 memorised, 8 levels left

rFire  x . .     SeeInvis .     h - +4 flail (holy)
rCold  + . .     Clarity  .     N - +2 robe
rNeg   + . .     SustAt   .     c - +0 shield
rPois  .         Gourm    +     (helmet restricted)
rElec  .         Spirit   .     (no cloak)
rCorr  .         Warding  .     (gloves unavailable)
rMut   .         Stasis   .     (boots unavailable)
MR     .....                    F - amulet of regeneration
Stlth  +.........               U - ring of positive energy
                                t - ring of ice

@: corroded equipment, not resistant to hostile enchantments, very unstealthy
A: unfitting armour, claws 3, fast metabolism 3, gourmand, regeneration 2,
shaggy fur 1, tough skin 2
a: Renounce Religion


You were on level 7 of the Dungeon.
You worshipped Nemelex Xobeh.
Nemelex Xobeh was pleased with you.
You were not hungry.

You visited 2 branches of the dungeon, and saw 8 of its levels.

You collected 492 gold pieces.

Inventory:

Hand weapons
 a - a +0 war axe
 e - a +0 giant spiked club
 h - a +4 flail of holy wrath (weapon)
 l - a +3 short sword
 p - a cursed -3 dagger
 G - a +0 shortbow
 I - a +1 hunting sling
 M - a +1 dagger of venom
 O - a +0 short sword of speed
 T - a +1 flail of crushing
 W - a +1 dagger of holy wrath
Missiles
 g - 277 stones (quivered)
 s - 14 bolts
 w - 47 sling bullets
 y - 30 poisoned needles
 C - 49 arrows
 H - 15 arrows of dispersal
 J - 24 arrows of frost
 Q - 2 throwing nets
Armour
 c - a +0 shield (worn)
 N - a +2 robe (worn)
Jewellery
 i - an uncursed ring of protection from fire
 t - a ring of ice (left claw)
 F - an amulet of regeneration (around neck)
 U - a ring of positive energy (right claw)
Magical devices
 V - a wand of disintegration (7)
 Y - a wand of confusion (12)
Scrolls
 b - a scroll of immolation
 m - 2 scrolls of identify
 q - a scroll of enchant weapon
 u - 2 scrolls of remove curse
 x - a scroll of magic mapping
 L - 2 scrolls of fog
Potions
 d - 2 potions of might
 f - a potion of invisibility
 j - a potion of cancellation
 k - a potion of brilliance {unknown}
 n - a potion of poison
 o - a potion of cure mutation {unknown}
 r - a potion of lignification
 z - a potion of agility
 A - 2 potions of curing
 E - a potion of degeneration {unknown}
 S - a potion of flight {unknown}
 Z - a potion of heal wounds {unknown}
Miscellaneous
 v - a plain deck of war
 D - a plain deck of war
 K - a plain deck of war {drawn: 5}
 P - a plain deck of war
 X - an ornate deck of war
Comestibles
 B - 2 bread rations
 R - 6 fruits


   Skills:
 + Level 4.3 Fighting
 + Level 2.6 Short Blades
 + Level 1.5(1.7) Axes
 + Level 1.0(1.5) Maces & Flails
 + Level 2.6(3.1) Slings
 + Level 3.3(4.1) Throwing
 + Level 6.0 Dodging
 + Level 1.1 Stealth
 + Level 4.6 Shields
 + Level 0.2 Evocations


You had 8 spell levels left.
You didn't know any spells.

Dungeon Overview and Level Annotations

Branches:
Dungeon (7/15)             Temple (1/1) D:6

Altars:
Ashenzari
Cheibriados
Dithmenos
Elyvilon
Fedhas
Gozag
Kikubaaqudgha
Makhleb
Nemelex Xobeh
Okawaru
Qazlal
Ru
Sif Muna
Trog
Vehumet
Xom
Yredelemnul
Zin
The Shining One


Innate Abilities, Weirdness & Mutations

You are too large for most types of armour.
You have claws for hands.
Your metabolism is lightning-fast.
You like to eat raw meat.
You heal very quickly.
You are covered in fur (AC +1).
You have very tough skin (AC +2).


Message History

You miss the killer bee.
The killer bee is lightly wounded.
The killer bee stings you.
* * * LOW HITPOINT WARNING * * *
You block the killer bee's attack. The jelly barely misses you.
You block the killer bee's attack.
You feel better. The killer bee barely misses you.
The jelly closely misses you. The killer bee closely misses you.
Evoke which item? (* to show all) (? for menu, Esc to quit)
Zapping:
V - a wand of disintegration (8)
Press: ? - help, Shift-Dir - straight line, f - killer bee, p - jelly
Aim: a killer bee (lightly wounded, summoned, chance to defeat MR: 73%)
The killer bee is blasted.
This wand has 7 charges left.
You block the killer bee's attack. The jelly hits you.
* * * LOW HITPOINT WARNING * * *
You are splashed with acid!
The acid burns!
* * * LOW HITPOINT WARNING * * *
The killer bee stings you.
You die...
Your body glows with a rainbow of weird colours and disappears.

#(..... ####. #......
#..#. #...... ....
#...... ... #.....+
#...... .. #.....
#......#.####....#
#.....#....##
#†J...#.....#
#@....#.....#
#y....#.....+
#.....'.....#
#.....#.....#
#.....#.....#
#.....#.....#
#######...[.#..##.# ###
#........########'####..
#........# #.....#..


You could see a jelly and a killer bee.

Vanquished Creatures
  The ghost of Protee the Chucker, an average OgHu (D:3)
  Edmund (D:4)
  A sky beast (D:5)
  An ice beast (D:6)
  A phantom (D:5)
  3 ogres (D:4)
  3 centaurs
  A scorpion (D:5)
  A crimson imp (D:7)
  2 orc priests
  A centaur zombie (D:6)
  A jelly (D:7)
  2 hounds
  2 centaur skeletons
  A giant frog skeleton (D:7)
  Natasha (thrice) (D:4)
  An iguana (D:6)
  A worker ant (D:5)
  A hound zombie (D:7)
  2 hound skeletons
  A mummy (D:7)
  7 adders
  2 worms
  4 giant geckos
  20 orcs
  3 bat zombies
  7 giant cockroaches
  8 goblins
  18 hobgoblins
  3 quokkas
  14 bats
  A giant cockroach zombie (D:5)
  8 giant newts
  2 jackals (D:7)
  7 kobolds
  2 quokka zombies
  10 rats
147 creatures vanquished.

Vanquished Creatures (collateral kills)
  Eustachio (D:4)
  Duvessa (D:4)
  Dowan (D:4)
3 creatures vanquished.

Vanquished Creatures (others)
  A bush (D:6)
1 creature vanquished.

Grand Total: 151 creatures vanquished

Notes
Turn   | Place    | Note
--------------------------------------------------------------
     0 | D:1      | mrath the Troll Fighter began the quest for the Orb.
     0 | D:1      | Reached XP level 1. HP: 22/22 MP: 0/0
     3 | D:1      | Noticed an electric eel
     4 | D:1      | Noticed an electric eel
   529 | D:1      | Reached XP level 2. HP: 29/29 MP: 1/1
  1616 | D:2      | Found a shimmering altar of Xom.
  1699 | D:2      | Found a sparkling altar of Nemelex Xobeh.
  1717 | D:2      | Reached XP level 3. HP: 33/36 MP: 2/2
  1721 | D:2      | Became a worshipper of Nemelex Xobeh the Trickster
  1878 | D:2      | Reached skill level 3 in Dodging
  2017 | D:2      | Found a faded altar to an unknown god.
  2354 | D:3      | Reached XP level 4. HP: 41/44 MP: 3/3
  2395 | D:3      | Found a shattered altar of Ashenzari.
  2426 | D:3      | Received a gift from Nemelex Xobeh
  2893 | D:3      | Found a radiant altar of Vehumet.
  3116 | D:3      | Noticed Protee's ghost (average OgHu)
  3142 | D:3      | Killed Protee's ghost
  3142 | D:3      | Reached skill level 1 in Short Blades
  3142 | D:3      | Reached XP level 5. HP: 35/53 MP: 4/4
  3142 | D:3      | Reached XP level 6. HP: 40/61 MP: 5/5
  3278 | D:3      | Found a bloodstained altar of Trog.
  3423 | D:3      | Reached skill level 4 in Dodging
  3513 | D:4      | Noticed Natasha
  3532 | D:4      | Reached XP level 7. HP: 27/67 MP: 6/6
  3549 | D:4      | Killed Natasha
  3767 | D:4      | Noticed Natasha
  3767 | D:4      | Received a gift from Nemelex Xobeh
  3774 | D:4      | Killed Natasha
  3784 | D:4      | Noticed Duvessa
  3807 | D:4      | Noticed Dowan
  3819 | D:4      | Killed Duvessa
  3821 | D:4      | Killed Dowan
  3824 | D:4      | Noticed Edmund
  3846 | D:4      | HP: 2/67 [Edmund/flail of holy wrath (5)]
  3866 | D:4      | Killed Edmund
  3866 | D:4      | Reached skill level 1 in Stealth
  4284 | D:4      | Noticed Natasha
  4302 | D:4      | Killed Natasha
  4607 | D:4      | Noticed Eustachio
  4628 | D:4      | Killed Eustachio
  4628 | D:4      | Reached skill level 5 in Dodging
  4911 | D:4      | Reached XP level 8. HP: 63/78 MP: 7/7
  4986 | D:5      | Entered Level 5 of the Dungeon
  5138 | D:5      | Received a gift from Nemelex Xobeh
  5368 | D:5      | Reached skill level 1 in Slings
  5431 | D:5      | Found a sacrificial altar of Ru.
  5829 | D:5      | Received a gift from Nemelex Xobeh
  6023 | D:6      | Found a staircase to the Ecumenical Temple.
  6098 | D:6      | Found a burning altar of Makhleb.
  6148 | D:6      | Found a deep blue altar of Sif Muna.
  6439 | D:6      | Found an ancient bone altar of Kikubaaqudgha.
  6655 | Temple   | Entered the Ecumenical Temple
  6655 | Temple   | Received a gift from Nemelex Xobeh
  7117 | D:7      | Found a white marble altar of Elyvilon.
  7236 | D:7      | Found a snail-covered altar of Cheibriados.
  7442 | D:7      | Received a gift from Nemelex Xobeh
  7469 | D:7      | Reached skill level 6 in Dodging
  7526 | D:7      | Reached XP level 9. HP: 69/85 MP: 8/8
  7528 | D:7      | Reached skill level 1 in Maces & Flails
  7539 | D:7      | HP: 4/85 [acid (11)]
  7539 | D:7      | Slain by a killer bee

Vault maps used:
D:1:      arrival_aquarium_b, corexii_corridor_pit
D:2:      lemuel_crystal_altar, nemelex_xobeh_ov_fountains_minmay,
          ecumenical_altar_1
D:3:      lemuel_round_altar, lemuel_coloured_pillars_altar,
          overflow_temple_1_default, first_bread, serial_undead,
          serial_undead_c, serial_undead_e, serial_undead_b, serial_undead_c
D:4:      uniq_edmund, uniq_duvessa, uniq_natasha, uniq_eustachio
D:5:      kennysheep_mini, hangedman_glass_teeth, roderic_hopi_sauvastika,
          nemelex_spade_bored_becter
D:6:      nicolae_overflow_hidden_temple, kennysheep_mini_moat,
          lemuel_doored_altar, minmay_temple_entry_grid,
          kb_lookout_dungeons_type
D:7:      lemuel_round_altar, slow_altar_1
Temple:   temple_eino_lava_8

Action                   |  1- 3 |  4- 6 |  7- 9 || total
-------------------------+-------+-------+-------++-------
Melee: War axe           |    22 |       |       ||    22
       Short sword       |   114 |   115 |   156 ||   385
       Flail             |       |       |   100 ||   100
 Fire: Hunting sling     |       |       |   108 ||   108
Throw: Stone             |    25 |    35 |    54 ||   114
Evoke: Deck              |       |       |    11 ||    11
       Wand              |       |       |     4 ||     4
  Use: Scroll            |     4 |     3 |    11 ||    18
       Potion            |       |       |     9 ||     9
 Stab: Invisible         |       |       |     1 ||     1
  Eat: Chunk             |     7 |    10 |    13 ||    30
       Bread ration      |     3 |       |     2 ||     5
       Meat ration       |       |       |     3 ||     3
       Pizza             |       |       |     1 ||     1
       Beef jerky        |       |       |     1 ||     1
